 Dungeon Crawl Stone Soup version 0.26-a0-450-ge645bd13c1 (webtiles) character file.

Game seed: 16694716600779627838

11 MrRokkomies the Digger (level 2, -7/22 HPs)
             Began as a Palentonga Earth Elementalist on July 27, 2020.
             Mangled by Sigmund
             ... wielding a +0 scythe
              (14 damage)
             ... on level 2 of the Dungeon.
             The game lasted 00:02:35 (1018 turns).

MrRokkomies the Digger (PaEE)                       Turns: 1018, Time: 00:02:35

Health: -7/22      AC:  4    Str: 11    XL:     2   Next: 13%
Magic:  2/5        EV: 10    Int: 15    God:
Gold:   75         SH:  0    Dex: 10    Spells: 4/5 levels left

rFire    . . .     SeeInvis +   j - +0 dagger
rCold    . . .     Faith    .   (no shield)
rNeg     . . .     Spirit   .   c - +0 robe
rPois    +         Reflect  .   (no helmet)
rElec    .         Harm     .   (no cloak)
rCorr    .                      (no gloves)
MR       .....                  (boots restricted)
Stlth    +.........             (no amulet)
HPRegen  0.07/turn              a - ring of poison resistance
MPRegen  0.09/turn              i - ring of flight

@: no status effects
A: large, rugged brown scales 3, see invisible, deformed body, roll, armoured
tail
a: Rolling Charge, Evoke Flight


You were on level 2 of the Dungeon.
You visited 1 branch of the dungeon, and saw 2 of its levels.

You collected 75 gold pieces.

Inventory:

Hand Weapons
 j - a +0 dagger (weapon)
Missiles
 b - 42 stones (quivered)
 f - 7 silver boomerangs
Armour
 c - a +0 robe (worn)
Jewellery
 a - a ring of poison resistance (left hand)
 i - a ring of flight (right hand)
Potions
 d - a potion of stabbing
 h - a potion of haste {unknown}


   Skills:
 * Level 1.0 Fighting
 + Level 1.7 Dodging
 - Level 1.2 Stealth
 - Level 2.0 Spellcasting
   Level 1.0 Transmutations
 * Level 2.9 Earth Magic


You had 4 spell levels left.
You knew the following spells:

 Your Spells              Type           Power        Failure   Level
a - Sandblast             Erth           ##....       7%          1

Your spell library contained the following spells:

 Spells                   Type           Power        Failure   Level
 Passwall                 Tmut/Erth      #.......     14%         2
 Stone Arrow              Conj/Erth      #.....       36%         3
 Petrify                  Tmut/Erth      #.......     67%         4
 Lee's Rapid Deconstruct  Erth           ##........   88%         5


Dungeon Overview and Level Annotations

Branches:
Dungeon (2/15)

Altars:

Annotations:
D:2 Sigmund


Innate Abilities, Weirdness & Mutations

You are completely covered in rugged brown scales. (AC +3, +7% HP)
You have supernaturally acute eyesight. (SInv)
Armour fits poorly on your strangely shaped body.
You can roll at foes to attack.
You have a long armoured tail.


Message History

Sigmund closely misses you. The goblin hits you but does no damage.
Unknown command.
You bump into the rock wall.
Sigmund hits you with a +0 scythe!
Unknown command.
You're too confused to move!
You feel less confused. The goblin hits you with a +0 club.
Casting: Sandblast (safe; 7% risk of failure)
Confirm with . or Enter, or press ? or * to list all spells.
Aiming: Sandblast (safe; 7% risk of failure)
Press: ? - help, Shift-Dir - straight line, f/p - Sigmund
Aim: Sigmund, wielding a +0 scythe and wearing a +2 robe of cold resistance (heavily wounded, slightly transparent)
The blast of sand hits Sigmund but does no damage.
Sigmund is heavily wounded.
b - 42 stones The goblin hits you with a +0 club.
Sigmund laughs darkly.
Sigmund hits you with a +0 scythe!
Ouch! That really hurt!
You die...

.....
.####..##
.......<#
.#####..####
#.....#
##.##.#
#....#
###.##.#####
#.....g@@s.#
#...######.#
#.... ....##
.#.# ..#.


You could see Sigmund (invisible), a giant cockroach and a goblin.

Vanquished Creatures
  3 goblins
  3 hobgoblins (D:1)
  A ball python (D:1)
  2 frilled lizards (D:1)
  A rat (D:1)
10 creatures vanquished.

Notes
Turn   | Place    | Note
-------+----------+-------------------------------------------
     0 | D:1      | MrRokkomies the Palentonga Earth Elementalist began the
                  | quest for the Orb.
     0 | D:1      | Reached XP level 1. HP: 13/13 MP: 3/3
   587 | D:1      | Reached skill level 1 in Fighting
   587 | D:1      | Reached XP level 2. HP: 22/22 MP: 5/5
   999 | D:2      | Noticed Sigmund
  1018 | D:2      | Mangled by Sigmund

Illustrated notes

Levels and vault maps discovered:
D:1:      dpeg_arrival_short_road, layout_basic, minmay_misc_feat_tower
D:2:      layout_basic, yredelemnul_forgotten_temple_becter, uniq_sigmund,
          uniq_terence

Skill      XL: |  1 |
---------------+----+-----
Fighting       | 1 |  1.0
Dodging        | |  1.7
Stealth        | |  1.2
Spellcasting   | |  2.0
Transmutations | |  1.0
Earth Magic    | |  2.9

Action                   || total
-------------------------++-------
Melee: Unarmed           ||    23
       Tailslap          ||     4
       Dagger            ||    12
 Cast: Sandblast         ||     6
 Abil: Rolling Charge    ||     1
  Use: Scroll            ||     3
       Potion            ||     1
Armor: Robe              ||     9
Dodge: Dodged            ||    16

Table legend: (Time is in decaauts)
 A = Elapsed time spent in this place.
 B = Non-inter-level travel time spent in this place.
 C = Inter-level travel time spent in this place.
 D = Time resting spent in this place.
 E = Time spent auto-exploring this place.
 F = Levels seen in this place.
 G = Mean time per level.
                   A        B        C        D        E       F      G
               +--------+--------+--------+--------+--------+-----+--------+
         Total |   1016 |   1013 |      3 |    165 |    733 |   2 |  508.0 |
       Dungeon |   1016 |   1013 |      3 |    165 |    733 |   2 |  508.0 |
               +--------+--------+--------+--------+--------+-----+--------+

Top non-repeatable levels by time:
     D:1: 986 daAuts
     D:2: 29 daAuts
